 Dungeon Crawl Stone Soup version 0.25-a0-447-gff83419037 (webtiles) character file.

Game seed: 9889385904898891215, levelgen mode: deterministic

1197 Lemmiwinks the Spear-Bearer (level 8, -2/64 HPs)
             Began as a Merfolk Monk on Jan 30, 2020.
             Was a Priest of Ashenzari.
             Slain by an orc warrior
             ... wielding a +0 war axe
              (11 damage)
             ... on level 6 of the Dungeon on Jan 31, 2020.
             The game lasted 00:28:31 (7390 turns).

Lemmiwinks the Spear-Bearer (Merfolk Monk)          Turns: 7390, Time: 00:28:32

Health: -2/64      AC: 11    Str: 17    XL:     8   Next: 44%
Magic:  8/8        EV: 15    Int: 11    God:    Ashenzari [***...]
Gold:   378        SH:  2    Dex: 16    Spells: 7/7 levels left

rFire    . . .     SeeInvis +   a - +0 spear
rCold    . . .     Gourm    .   (no shield)
rNeg     . . .     Faith    .   r - quicksilver dragon scales (curse)
rPois    .         Spirit   .   (no helmet)
rElec    .         Reflect  +   C - +0 cloak
rCorr    +         Harm     .   (no gloves)
MR       +....                  u - +0 pair of boots
Stlth    +.........             G - +2 amulet of reflection
HPRegen  0.20/turn              v - ring of resist corrosion
MPRegen  0.11/turn              (no ring)

@: mighty
A: change form in water, swift swim, stealthy swim
a: Curse Item, Scrying, Renounce Religion


You were on level 6 of the Dungeon.
You worshipped Ashenzari.
Ashenzari was most pleased with you.
You were not hungry.

You visited 1 branch of the dungeon, and saw 6 of its levels.

You collected 378 gold pieces.

Inventory:

Hand Weapons
 a - a +0 spear (weapon)
Missiles
 d - 258 stones
 j - 3 datura-tipped darts (quivered)
 t - 55 sling bullets
Armour
 o - a cursed +0 cloak
 r - cursed quicksilver dragon scales (worn)
 u - a +0 pair of boots (worn)
 C - a +0 cloak (worn)
Jewellery
 g - an uncursed ring of flight
 v - a ring of resist corrosion (left hand)
 y - an uncursed ring of magical power
 D - an uncursed amulet of faith
 G - a +2 amulet of reflection (around neck)
Scrolls
 e - a scroll of magic mapping
 h - 4 scrolls of amnesia {unknown}
 i - 2 scrolls of noise {unknown}
 k - 2 scrolls of teleportation {unknown}
 m - a scroll of enchant armour {unknown}
 w - a scroll of immolation {unknown}
 x - a scroll of remove curse
 B - 4 scrolls of identify
 E - a scroll of enchant weapon {unknown}
 H - a scroll of fear {unknown}
Potions
 b - a potion of curing
 f - a potion of agility
 l - a potion of ambrosia {unknown}
 n - 2 potions of flight
 q - 2 potions of resistance
 z - a potion of degeneration {unknown}
 A - a potion of might
Comestibles
 c - 17 rations
 p - 5 chunks of flesh


   Skills:
 + Level 6.2 Fighting
 * Level 10.8 Polearms
 + Level 7.5 Dodging
 - Level 2.1 Stealth


You had 7 spell levels left.
You didn't know any spells.
Your spell library contained the following spells:

 Spells                   Type           Power        Failure   Level  Hunger
 Corona                   Hex            #......      54%         1    ##.....
 Ensorcelled Hibernation  Hex/Ice        #.....       69%         2    ###....
 Confusing Touch          Hex            #.......     89%         3    ####...
 Dazzling Flash           Conj/Hex       #.....       89%         3    ####...
 Tukima's Dance           Hex            #.......     89%         3    ####...


Dungeon Overview and Level Annotations

Branches:
Dungeon (6/15)             Temple (0/1) D:5

Altars:
Ashenzari
Fedhas
Uskayaw
Vehumet
The Shining One

Shops:
D:5 %

Annotations:
D:3 3 runed translucent doors, waddelsworth's ghost, amateur GrEE


Message History

Retreat in which direction?
Press: ? - help, Dir - move target cursor, p - orc warrior Fall back!
The orc warrior shouts!
The orc warrior misses you.
The orc warrior shouts!
The orc warrior closely misses you.
The orc warrior hits you with a +0 war axe.
* * * LOW HITPOINT WARNING * * *
The orc warrior shouts!
You feel very mighty all of a sudden. The orc warrior misses you.
The orc warrior refuses to make way for you. (Use ctrl+direction or * direction to attack.)
The orc warrior refuses to make way for you. (Use ctrl+direction or * direction to attack.)
The orc warrior hits you with a +0 war axe.
* * * LOW HITPOINT WARNING * * *
There is a stone staircase leading up here.
The orc warrior barely misses you.
The orc warrior hits you with a +0 war axe!
You die...

,,* *#.####.# ####..........
*...#......# #.....########
........#########.##......# * ,
##................##...####
.................###...#
...####.......##.# #.### *###
..####........##.# #.#####... *,.
..........o.##.###.........,
.#....#.........@#...........>..
.##..##...>......#..####........
.................#..#...........
.....##.##.##.##.#..#.##........,
........##.....#.#..#.#.........
....................#.#.........
###.#...#.....##.##.#'#..†....#+*
........#.###.##)#.....#......#
###.....#...#.##.#........#####


You could see a neutral orc warrior (insane).

Vanquished Creatures
  An ice beast (D:5)
  An orc warrior (D:6)
  A sky beast (D:6)
  2 ogres
  A water moccasin skeleton (D:6)
  A scorpion (D:5)
  A crimson imp (D:5)
  A quasit (D:5)
  A bullfrog skeleton (D:6)
  3 orc priests
  A centaur skeleton (D:4)
  An iguana (D:5)
  Jessica (D:1)
  2 orc wizards
  6 worker ants
  A worker ant zombie (D:5)
  5 adders
  An ooze (D:4)
  4 worms
  A dart slug (D:4)
  4 leopard geckos
  24 orcs
  2 giant cockroaches
  5 goblins
  7 hobgoblins
  3 jackals
  5 quokkas
  6 bats
  5 frilled lizards
  8 kobolds
  8 rats
113 creatures vanquished.

Vanquished Creatures (collateral kills)
  3 orcs (D:6)
3 creatures vanquished.

Grand Total: 116 creatures vanquished

Notes
Turn   | Place    | Note
-------+----------+-------------------------------------------
     0 | D:1      | Lemmiwinks the Merfolk Monk began the quest for the Orb.
     0 | D:1      | Reached XP level 1. HP: 18/18 MP: 1/1
   162 | D:1      | Reached XP level 2. HP: 24/24 MP: 2/2
   308 | D:1      | Reached skill level 5 in Polearms
   522 | D:1      | Upgraded the game from 0.25-a0-443-gece2dee8bd to
                  | 0.25-a0-447-gff83419037
   830 | D:1      | Reached XP level 3. HP: 28/29 MP: 3/3
  1212 | D:2      | Noticed Jessica
  1230 | D:1      | Killed Jessica
  1726 | D:2      | Found a shattered altar of Ashenzari.
  1736 | D:2      | Became a worshipper of Ashenzari the Shackled
  1736 | D:2      | Reached * piety under Ashenzari
  1736 | D:2      | Reached ** piety under Ashenzari
  1760 | D:1      | Reached XP level 4. HP: 37/37 MP: 4/4
  1817 | D:2      | Reached skill level 6 in Polearms
  2340 | D:3      | Found a runed translucent gate.
  2341 | D:3      | Found a runed translucent gate.
  2342 | D:3      | Found a runed translucent gate.
  2386 | D:3      | Noticed waddelsworth's ghost (amateur GrEE)
  2637 | D:3      | Reached skill level 5 in Dodging
  2637 | D:3      | Reached XP level 5. HP: 39/42 MP: 5/5
  2740 | D:3      | Found a blossoming altar of Fedhas.
  3316 | D:4      | Noticed an ogre
  3698 | D:4      | Reached skill level 7 in Polearms
  4065 | D:3      | Reached XP level 6. HP: 22/49 MP: 6/6
  4832 | D:4      | Reached skill level 8 in Polearms
  5091 | D:5      | Entered Level 5 of the Dungeon
  5325 | D:5      | Found a radiant altar of Vehumet.
  5334 | D:5      | Reached skill level 5 in Fighting
  5473 | D:4      | Reached XP level 7. HP: 54/56 MP: 7/7
  5643 | D:5      | Found Coobrajas's Food Shoppe.
  5728 | D:5      | Reached skill level 9 in Polearms
  5985 | D:5      | Reached *** piety under Ashenzari
  6356 | D:5      | Found a staircase to the Ecumenical Temple.
  6655 | D:6      | Found a hide-covered altar of Uskayaw.
  6655 | D:6      | Found a glowing golden altar of the Shining One.
  6853 | D:6      | Reached skill level 10 in Polearms
  6853 | D:6      | Reached XP level 8. HP: 27/64 MP: 8/8
  7390 | D:6      | Slain by an orc warrior

Levels and vault maps discovered:
D:1:      evilmike_arrival_run_for_it, layout_basic
D:2:      layout_basic, ashenzari_altar_1, first_ration, minmay_pentomino_u2,
          uniq_jessica
D:3:      layout_loops_ring, gammafunk_ghost_icy, fedhas_altar_fruit_tree
D:4:      layout_cave_pools, minmay_fractal_squares_gapless_5
D:5:      layout_basic, vehumet_crystals, minmay_temple_entry_grid,
          serial_shops, shop, dk_rats_in_the_wall
D:6:      layout_basic, grunt_temple_overflow_open

Skill      XL: |  1  2  3  4  5  6  7  8 |
---------------+-------------------------+-----
Polearms       | 5 6 7 8 10 | 10.8
Fighting       | 4 5 6 |  6.2
Dodging        | 5 6 7 |  7.5
Stealth        | |  2.1

Action                   |  1- 3 |  4- 6 |  7- 9 || total
-------------------------+-------+-------+-------++-------
Melee: Spear             |    99 |   421 |   320 ||   840
Throw: Dart              |       |    19 |    24 ||    43
       Stone             |       |       |     1 ||     1
Invok: Curse Item        |       |     1 |       ||     1
  Use: Scroll            |     1 |     4 |       ||     5
       Potion            |       |       |     2 ||     2
 Stab: Sleeping          |     5 |     5 |     1 ||    11
  Eat: Chunk             |     2 |    13 |     6 ||    21
Armor: Robe              |     2 |       |       ||     2
       Quicksilver drago |       |    88 |    64 ||   152
Dodge: Dodged            |    31 |   179 |   145 ||   355
Block: Other             |       |       |     4 ||     4

Table legend:
 A = Non-vault XP
 B = Vault XP
 C = Vault XP percentage of total XP
 D = Non-vault monster count
 E = Vault monster count
 F = Vault count percentage of total count
                 A         B        C        D         E       F
            +---------+---------+-------+---------+---------+-------
      Total |    1555 |     156 |   9.1 |     108 |       8 |   6.9
            +---------+---------+-------+---------+---------+-------
        D:1 |      41 |      42 |  50.6 |      25 |       2 |   7.4
        D:2 |      45 |       2 |   4.3 |      16 |       1 |   5.9
        D:3 |     197 |      69 |  25.9 |      15 |       3 |  16.7
        D:4 |     155 |      43 |  21.7 |      17 |       2 |  10.5
        D:5 |     520 |       0 |   0.0 |      20 |       0 |   0.0
        D:6 |     597 |       0 |   0.0 |      15 |       0 |   0.0
            +---------+---------+-------+---------+---------+-------
